 Dungeon Crawl Stone Soup version 0.29.1-15-g9cfb28693d (webtiles) character file.

Game seed: 12586270323809369731

367 H0rd4k the Insei (level 6, -10/42 HPs)
             Began as an Octopode Artificer on Mar 16, 2023.
             Mangled by an iguana (13 damage)
             ... on level 5 of the Dungeon.
             The game lasted 00:02:26 (5096 turns).

H0rd4k the Insei (Octopode Artificer)               Turns: 5096, Time: 00:02:26

Health: -10/42     AC:  1    Str: 11    XL:     6   Next: 69%
Magic:  10/10      EV: 14    Int: 15    God:
Gold:   118        SH:  0    Dex: 19    Spells: 11/11 levels left

rFire   x . .      SeeInvis .     - Unarmed
rCold   + . .      Faith    .   (no shield)
rNeg    . . .      Spirit   .   (helmet restricted)
rPois   .          Reflect  .   (no amulet)
rElec   .          Harm     .   m - ring of ice
rCorr   .          Rampage  .   r - +6 ring of dexterity
Will    .....                   (no ring)
Stlth   +++.......              (no ring)
HPRegen 0.14/turn               (no ring)
MPRegen 0.12/turn               (no ring)
                                (no ring)
                                (no ring)

@: no status effects
A: almost no armour, amphibious, 8 rings, camouflage 1, gelatinous body 1,
(nimble swimmer 1), tentacles
a: no special abilities


You were on level 5 of the Dungeon.
You visited 1 branch of the dungeon, and saw 5 of its levels.

You collected 118 gold pieces.

Inventory:

Missiles
 l - 5 atropa-tipped darts
Jewellery
 m - a ring of ice (left tentacle)
 r - a +6 ring of dexterity (right tentacle)
 v - a +4 ring of protection
Wands
 b - a wand of flame (13) (quivered)
 c - a wand of charming (15)
 d - a wand of iceblast (3)
Scrolls
 a - a scroll of silence {unknown}
 e - 3 scrolls of poison {unknown}
 g - 2 scrolls of noise {unknown}
 h - a scroll of enchant weapon {unknown}
 k - 2 scrolls of fear {unknown}
 n - 3 scrolls of identify {unknown}
 s - a scroll of fog {unknown}
 u - a scroll of blinking {unknown}
 w - a scroll of immolation {unknown}
Potions
 f - a potion of brilliance {unknown}
 i - 2 potions of curing {unknown}
 j - a potion of degeneration {unknown}
 o - a potion of ambrosia {unknown}
 p - a potion of haste {unknown}
 q - 2 potions of magic {unknown}
 t - a potion of might {unknown}


   Skills:
 + Level 3.5 Fighting
 - Level 2.3 Dodging
 - Level 1.3 Stealth
 - Level 3.8 Unarmed Combat
 * Level 3.2 Spellcasting
 - Level 3.2 Evocations


You had 11 spell levels left.
You didn't know any spells.
Your spell library contained the following spells:

 Spells                   Type           Power      Damage    Failure   Level
 Static Discharge         Conj/Air       2%         3-4/arc   30%         2
 Lightning Bolt           Conj/Air       1%         1d12      99%         5
 Maxwell's Capacitive Co  Air            1%         ∞         100%        8


Dungeon Overview and Level Annotations

Branches:
Dungeon (5/15)
 Temple: D:4-7

Altars:
Sif Muna
Vehumet
Zin

Shops:
D:1 *


Innate Abilities, Weirdness & Mutations

You cannot wear most types of armour.
You are amphibious.
You can wear up to eight rings at the same time.
Your skin changes colour to match your surroundings (Stealth+).
Your rubbery body absorbs attacks. (AC +1, EV +1)
((You are camouflaged when in or above water. (Stealth+)))
You have tentacles for arms and can constrict up to eight enemies at once.


Message History

You kill the white imp!
A centaur and an iguana come into view.
The centaur shouts!
The centaur wields a +0 shortbow.
The centaur shoots an arrow.
The arrow misses you.
The centaur shoots an arrow.
The arrow misses you.
There are monsters nearby!
The centaur shoots an arrow.
The arrow hits you!
The iguana hisses angrily.
There are monsters nearby!
There are monsters nearby!
Found a wand of flame (13).
The iguana bites you.
Aiming: Charm
Press: ? - help, Shift-Dir - straight line, f - centaur
Aim: a centaur, wielding a +0 shortbow (chance to affect: 57%)
The centaur is charmed.
The iguana bites you!
* * * LOW HITPOINT WARNING * * *
Unknown command.
You tentacle-slap the iguana but do no damage.
Your grab misses the iguana.
You squeeze the iguana, but do no damage.
Your centaur unwields a +0 shortbow.
Your centaur hits the iguana but does no damage.
Your centaur kicks the iguana but does no damage.
You tentacle-slap the iguana. Your grab misses the iguana.
The iguana is moderately wounded.
Your centaur hits the iguana but does no damage.
Your centaur misses the iguana. The iguana bites you!
* * * LOW HITPOINT WARNING * * *
You tentacle-slap the iguana. You grab the iguana.
The iguana is heavily wounded.
You constrict the iguana, but do no damage.
Your centaur completely misses the iguana.
Your centaur kicks the iguana.
The iguana barely misses your centaur.
Your centaur hits the iguana but does no damage.
Your centaur kicks the iguana.
You tentacle-slap the iguana but do no damage.
The iguana is almost dead.
You constrict the iguana. The iguana bites you!
You die...

...<.# ...... ....####
............#/.
..#..#.##............#.#
........... ............
#.........## ...........
#..........###...)......
..........###.#.........
..........#......c...#
....##.......#..@l.##
....##.#.....#....##
.......##...........#
...........##...#.###
.#....#.#..##..##.#
.#..#.###......# ##
....#.# ........
....#..##........
...)#...........


You could see an iguana (ally target) and a friendly centaur (charmed).

Vanquished Creatures
  Eustachio (D:4)
  A black bear (D:4)
  3 adders
  A white imp (D:5)
  2 ufetubi (D:4)
  A worm (D:2)
  2 dart slugs
  8 orcs
  4 bats
  5 endoplasms
  4 giant cockroaches
  6 goblins
  8 hobgoblins
  7 jackals
  3 quokkas
  10 ball pythons
  2 frilled lizards
  2 kobolds
  3 rats
73 creatures vanquished.

Vanquished Creatures (others)
  A scorpion (D:4)
1 creature vanquished.

Grand Total: 74 creatures vanquished

Notes
Turn   | Place    | Note
-------+----------+-------------------------------------------
     0 | D:1      | H0rd4k the Octopode Artificer began the quest for the Orb.
     0 | D:1      | Reached XP level 1. HP: 13/13 MP: 1/1
   194 | D:1      | Reached XP level 2. HP: 7/18 MP: 2/2
   515 | D:1      | Reached skill level 1 in Spellcasting
   719 | D:1      | Reached XP level 3. HP: 11/24 MP: 4/4
   964 | D:1      | Found Vuskitz's Assorted Antiques.
  1231 | D:2      | Reached skill level 1 in Unarmed Combat
  2482 | D:2      | Reached XP level 4. HP: 25/30 MP: 6/6
  3171 | D:3      | Found a radiant altar of Vehumet.
  4015 | D:4      | HP: 1/30 [orc/+0 mace (2)]
  4308 | D:4      | Found a glowing silver altar of Zin.
  4394 | D:4      | Found a shimmering blue altar of Sif Muna.
  4437 | D:4      | Reached XP level 5. HP: 35/35 MP: 8/8
  4571 | D:4      | Identified the +0 leather armour "Iramat" {-Tele Rampage
                  | +Inv Will-}
  4608 | D:4      | Noticed Eustachio
  4628 | D:4      | Killed Eustachio
  4629 | D:4      | Reached XP level 6. HP: 42/42 MP: 9/9
  4720 | D:4      | Noticed a black bear
  4723 | D:4      | Killed a black bear
  4858 | D:5      | Entered Level 5 of the Dungeon
  5096 | D:5      | Mangled by an iguana

Illustrated notes

Levels and vault maps discovered:
D:1:      sevenhm_arrival_forest_fort_small_3, layout_basic, serial_shops,
          nicolae_shop_competitors_out_of_business, minmay_pentomino_w4
D:2:      layout_loops_corners, kennysheep_donut
D:3:      layout_basic, vehumet_crystals
D:4:      layout_basic, amcnicky_altar_gilded, zin_academy, uniq_eustachio
D:5:      layout_cave_pools, gammafunk_temple_overflow_elements,
          minmay_temple_entry_statues_pillars, grunt_ministairs_13,
          corexii_shack

Skill      XL: |  1  2  3  4  5  6 |
---------------+-------------------+-----
Spellcasting   | 1 2 3 |  3.2
Fighting       | 2 3 |  3.5
Unarmed Combat | 1 2 3 |  3.8
Dodging        | |  2.3
Stealth        | |  1.3
Evocations     | |  3.2

Action                   |  1- 3 |  4- 6 || total
-------------------------+-------+-------++-------
Melee: Unarmed           |   112 |    86 ||   198
       Tentacles         |    34 |    30 ||    64
       Constrict         |    31 |    30 ||    61
       Punch             |       |     1 ||     1
Evoke: Wand              |       |     6 ||     6
 Stab: Sleeping          |     8 |     4 ||    12
Armor: Skin              |    13 |     3 ||    16
Dodge: Dodged            |    69 |    59 ||   128
